 Dungeon Crawl Stone Soup version 0.31-a0-1370-gf52a5a9 (webtiles) character file.

Game seed: 10371206878613339039

2676 blake the Cleaver (level 9, 0/79 HPs)
             Began as a Hill Orc Berserker on Dec 23, 2023.
             Was a Priest of Trog.
             Slain by an orc knight
             ... wielding a +0 war axe
              (10 damage)
             ... in a bailey.
             The game lasted 00:20:14 (7006 turns).

blake the Cleaver (Hill Orc Berserker)              Turns: 7006, Time: 00:20:15

Health: 0/79       AC: 13    Str: 24    XL:     9   Next: 64%
Magic:  9/9        EV:  9    Int:  7    God:    Trog [***...]
Gold:   350        SH:  0    Dex: 10    Spells: 8/8 levels left

rFire   . . .        E - +3 hand axe
rCold   . . .        (no shield)
rNeg    . . .        l - +0 chain mail
rPois   .            c - +0 helmet
rElec   .            (no cloak)
rCorr   .            y - +0 pair of gloves
SInv    .            (no boots)
Will    .....        x - amulet of faith Stlth
                     (no ring)
HPRegen 0.33/turn    (no ring)
MPRegen 0.11/turn

%: faith
@: confused, brilliant, ambrosia-drunk, on berserk cooldown, slowed, very slow
A: no striking features
a: Renounce Religion, Convert to Beogh, Berserk, Trog's Hand


You were in a bailey.
You worshipped Trog.
Trog was most pleased with you.
You visited 1 branch of the dungeon, and saw 7 of its levels.
You also visited: Bailey.

You collected 350 gold pieces.

Inventory:

Hand Weapons
 a - a +0 hand axe
 b - a +0 shortbow
 C - a +0 orcbow
 D - a +0 war axe
 E - a +3 hand axe (weapon)
Missiles
 f - 2 poisoned darts (quivered)
Armour
 c - a +0 helmet (worn)
 l - a +0 chain mail (worn)
 v - a +0 animal skin
 y - a +0 pair of gloves (worn)
Jewellery
 g - a ring of fire
 x - an amulet of faith (around neck)
Wands
 A - a wand of flame (13)
Scrolls
 h - a scroll of immolation {unknown}
 k - a scroll of acquirement {unknown}
 m - 5 scrolls of identify {unknown}
 n - 2 scrolls of enchant armour {unknown}
 p - a scroll of blinking {unknown}
 s - 2 scrolls of poison {unknown}
 u - a scroll of amnesia {unknown}
 w - a scroll of vulnerability {unknown}
 z - a scroll of fear {unknown}
Potions
 e - 3 potions of brilliance
 i - 4 potions of degeneration
 j - a potion of attraction {unknown}
 o - 4 potions of curing {unknown}
 q - a potion of experience {unknown}
 r - a potion of heal wounds {unknown}
 t - 2 potions of might {unknown}
 B - a potion of magic {unknown}


   Skills:
 + Level 7.5 Fighting
 + Level 11.8 Axes
 - Level 0.8 Ranged Weapons
 + Level 2.4 Throwing
 + Level 7.2 Armour
 + Level 2.9 Dodging
 + Level 0.5 Stealth


You had 8 spell levels left.
You didn't know any spells.
Your spell library was empty.

Dungeon Overview and Level Annotations

Branches:
Dungeon (7/15)             Temple (0/1) D:5          Bailey (1/1)

Altars:
Ashenzari
Cheibriados
Fedhas
Hepliaklqana
Okawaru
Ru
Uskayaw
Vehumet

Shops:
D:3 *   D:6 [

Annotations:
D:3 3 runed translucent doors, Kave's ghost, amateur TrSh; MrDizzy's ghost, amateur BaIE
D:7 1 runed translucent door, awe1100's ghost, novice OpSh


Message History

You closely miss the orc knight.
The orc knight is almost dead.
You hit the orc knight.
The orc knight is almost dead.
The orc high priest prays to Beogh.
The orc knight hits you with a +0 war axe!
You hit the orc knight.
The orc knight is almost dead.
You completely miss the orc knight.
The orc knight is almost dead.
The orc knight hits you with a +0 war axe!
You closely miss the orc knight.
The orc knight is almost dead.
You are no longer berserk.
You are exhausted.
You feel yourself slow down.
You barely miss the orc knight.
The orc knight is almost dead.
You barely miss the orc knight.
The orc knight is almost dead.
The orc high priest shouts, "Surrender to Beogh and we'll let you live!"
You hit the orc high priest.
The orc high priest shouts, "Surrender to Beogh and we'll let you live!"
The orc knight misses you.
The orc high priest hits you with a +0 war axe.
* * * LOW HITPOINT WARNING * * *
It was a potion of brilliance.
You feel clever all of a sudden.
The orc knight hits you with a +0 war axe.
* * * LOW HITPOINT WARNING * * *
The orc high priest barely misses you.
The orc knight hits you but does no damage.
The orc high priest starts to sing a prayer.
The orc high priest hits you with a +0 war axe!
* * * LOW HITPOINT WARNING * * *
It was a potion of ambrosia.
You are confused.
You feel invigorated.
The orc knight hits you with a +0 war axe!
You die...

# #. 3
#+#.3###############
#..(4o@...)#)......#
#...g#o....).8.8.8.#
#.##
###########...####
#......# #...)..#
#####''# #.....#
#....[' #..⌠.)'


You could see an orc knight, an orc high priest (strong), an ice devil
(summoned), a neqoxec (summoned) and a goblin.

Vanquished Creatures
  A troll (D:6)
  Sigmund (D:2)
  A steam dragon (D:6)
  2 ice beasts
  4 orc warriors
  A black bear (D:6)
  A sky beast (D:6)
  2 centaurs
  Blork the orc (D:6)
  A gnoll sergeant (D:7)
  A scorpion (D:6)
  3 wights (D:5)
  6 killer bees (D:7)
  2 hounds (D:5)
  3 jellies
  2 orc priests
  Jessica (D:2)
  5 iguanas
  An orc wizard (D:4)
  11 gnolls
  3 adders
  A shadow imp (D:3)
  3 bombardier beetles
  2 white imps (D:5)
  2 worms
  5 dart slugs
  16 orcs
  8 ball pythons
  4 endoplasms
  A giant cockroach (D:1)
  11 goblins
  8 hobgoblins
  3 jackals (D:5)
  4 bats
  2 frilled lizards (D:2)
  3 kobolds
  4 rats
130 creatures vanquished.

Notes
Turn   | Place    | Note
-------+----------+-------------------------------------------
     0 | D:1      | blake the Hill Orc Berserker began the quest for the Orb.
     0 | D:1      | Reached XP level 1. HP: 19/19 MP: 1/1
   237 | D:1      | Reached XP level 2. HP: 27/27 MP: 2/2
  1025 | D:1      | Found a faded altar of an unknown god.
  1368 | D:2      | Found a snail-covered altar of Cheibriados.
  1379 | D:2      | Reached XP level 3. HP: 33/33 MP: 3/3
  1411 | D:2      | Reached skill level 5 in Axes
  1492 | D:2      | Reached ** piety under Trog
  1781 | D:2      | Reached XP level 4. HP: 40/40 MP: 4/4
  1907 | D:2      | Noticed Sigmund
  1913 | D:2      | Killed Sigmund
  1914 | D:2      | Reached skill level 6 in Axes
  1914 | D:2      | Reached XP level 5. HP: 47/47 MP: 5/5
  1914 | D:2      | Reached XP level 6. HP: 53/53 MP: 6/6
  1966 | D:2      | Noticed Jessica
  1971 | D:2      | Killed Jessica
  1972 | D:2      | Reached skill level 7 in Axes
  2378 | D:3      | Found Vyady's Assorted Antiques.
  2401 | D:3      | Found a sacrificial altar of Ru.
  2628 | D:3      | Found a runed translucent gate.
  2629 | D:3      | Found a runed translucent gate.
  2630 | D:3      | Found a runed translucent gate.
  2648 | D:3      | Noticed Kave's ghost (amateur TrSh)
  2648 | D:3      | Noticed MrDizzy's ghost (amateur BaIE)
  2859 | D:4      | Noticed a +0 short sword
  2859 | D:4      | Noticed a +0 spear
  2862 | D:4      | Noticed a +0 spear
  2863 | D:4      | Noticed a +0 dagger
  3019 | D:4      | Found a hide-covered altar of Uskayaw.
  3019 | D:4      | Noticed a +0 short sword
  3020 | D:4      | Noticed a +0 falchion
  3020 | D:4      | Noticed a +0 falchion
  3022 | D:4      | Noticed a +0 dagger
  3223 | D:4      | Found a broken altar of Ashenzari.
  3395 | D:4      | Found a hazy altar of Hepliaklqana.
  3439 | D:5      | Entered Level 5 of the Dungeon
  3511 | D:5      | Reached XP level 7. HP: 49/60 MP: 7/7
  3517 | D:5      | Reached skill level 5 in Fighting
  3616 | D:5      | Found a staircase to the Ecumenical Temple.
  3666 | D:5      | Reached skill level 8 in Axes
  4135 | D:5      | Reached skill level 9 in Axes
  4345 | D:5      | Reached XP level 8. HP: 46/70 MP: 8/8
  4526 | D:5      | Reached skill level 5 in Armour
  4560 | D:5      | Found a blossoming altar of Fedhas.
  4651 | D:5      | Noticed a wyvern
  4651 | D:5      | Noticed a shadow
  4729 | D:6      | Noticed a troll
  4741 | D:6      | Killed a troll
  5085 | D:6      | Reached skill level 10 in Axes
  5500 | D:6      | Found an iron altar of Okawaru.
  5507 | D:6      | Noticed Blork the orc
  5524 | D:6      | Killed Blork the orc
  5581 | D:6      | Reached skill level 1 in Throwing
  5769 | D:6      | Found Qunwaf's Antique Armour Boutique.
  6005 | D:7      | Noticed awe1100's ghost (novice OpSh)
  6005 | D:7      | Found a runed translucent door.
  6020 | D:7      | Reached *** piety under Trog
  6040 | D:6      | Reached XP level 9. HP: 46/78 MP: 9/9
  6277 | D:7      | Found a radiant altar of Vehumet.
  6410 | D:7      | Reached skill level 11 in Axes
  6620 | D:7      | Found a flagged portal.
  6648 | Bailey   | Entered a bailey
  6979 | Bailey   | Noticed an orc knight
  6986 | Bailey   | Noticed an orc high priest
  6996 | Bailey   | Noticed a hellwing
  7000 | Bailey   | Noticed an ice devil
  7006 | Bailey   | Slain by an orc knight

Illustrated notes

Levels and vault maps discovered:
D:1:      evilmike_arrival_rings, layout_basic,
          chequers_ecumenical_altar_simple_redux, minmay_misc_feat_doors
D:2:      layout_loops_ring, serial_co_window_serial, co_window_paths_b,
          co_window_corner_a, co_window_cross_1, co_window_paths_b,
          co_window_paths_b, co_window_corner_ca, co_window_cross_4,
          co_window_of_opportunity_c, co_window_cross_3, co_window_corner_b,
          glass_columns_a, glass_columns_a, glass_columns_a, glass_columns_a,
          basic_altar, uniq_jessica, uniq_sigmund
D:3:      layout_basic, nicolae_ru_sacrificial_ziggurat, serial_shops,
          shop_fountains, gammafunk_ghost_cemetery
D:4:      layout_rooms, nicolae_ashenzari_skybound, nicolae_uskayaw_en_pointe,
          mainiacjoe_overflow_alcove_4
D:5:      layout_loops_cross, fedhas_altar_decomposition,
          minmay_temple_entry_hall, minmay_divided_ellipse
D:6:      layout_basic, mainiacjoe_overflow_cross_hatched,
          nicolae_take_the_stairs, supply_closet_lemuel, uniq_blork_the_orc
D:7:      layout_cave_pools, vehumet_altar_wand_db,
          nicolae_overflow_hidden_temple, enter_bailey_7, gammafunk_ghost_grave,
          serial_shops, nicolae_lakefront_shop
Bailey:   bailey_axe_of_yendor_kennysheep, bailey

Skill      XL: |  1  2  3  4  5  6  7  8  9 |
---------------+----------------------------+-----
Fighting       | 4 5 6 7 |  7.5
Axes           | 5 6 7 9 10 11 | 11.8
Dodging        | 2 |  2.9
Armour         | 3 4 6 7 |  7.2
Throwing       | 1 2 |  2.4
Ranged Weapons | |  0.8
Stealth        | |  0.5

Action                     |  1- 3 |  4- 6 |  7- 9 || total
---------------------------+-------+-------+-------++-------
  Melee: Hand axe          |   120 |    89 |   407 ||   616
         Punch             |     1 |     1 |     4 ||     6
   Fire: Shortbow          |       |       |     3 ||     3
  Throw: Dart              |       |       |    25 ||    25
 Invoke: Berserk           |       |     2 |     9 ||    11
         Trog's Hand       |       |       |     1 ||     1
  Evoke: Wand              |       |       |     1 ||     1
    Use: Potion            |       |       |     2 ||     2
 Armour: Animal skin       |    28 |       |       ||    28
         Chain mail        |    41 |    44 |   289 ||   374
  Dodge: Dodged            |    55 |    25 |   130 ||   210

Table legend: (Time is in decaauts)
 A = Elapsed time spent in this place.
 B = Non-inter-level travel time spent in this place.
 C = Inter-level travel time spent in this place.
 D = Time resting spent in this place.
 E = Time spent auto-exploring this place.
 F = Levels seen in this place.
 G = Mean time per level.
                   A        B        C        D        E       F      G
               +--------+--------+--------+--------+--------+-----+--------+
         Total |   7000 |   6848 |    152 |     18 |   5713 |   8 |  875.0 |
       Dungeon |   6652 |   6500 |    152 |     16 |   5448 |   7 |  950.3 |
        Bailey |    348 |    348 |      0 |      1 |    265 |   1 |  348.0 |
               +--------+--------+--------+--------+--------+-----+--------+

Top non-repeatable levels by time:
     D:6: 1437 daAuts
     D:1: 1286 daAuts
     D:5: 1281 daAuts
     D:2: 1044 daAuts
     D:4: 588 daAuts
     D:3: 543 daAuts
     D:7: 469 daAuts
  Bailey: 348 daAuts
